 Dungeon Crawl Stone Soup version 0.23-a0-143-g1adec7b (webtiles) character file.

455 TheOrbIsALie the Insei (level 6, -9/41 HPs)
             Began as a Demonspawn Wizard on Sept 3, 2018.
             Mangled by Menkaure (19 damage)
             ... on level 4 of the Dungeon.
             The game lasted 00:08:09 (3481 turns).

TheOrbIsALie the Insei (Demonspawn Wizard)          Turns: 3481, Time: 00:08:09

Health: -9/41      AC:  8    Str: 10    XL:     6   Next: 76%
Magic:  0/10       EV: 12    Int: 19    God:
Gold:   147        SH:  0    Dex: 11    Spells: 4/11 levels left

rFire    . . .     SeeInvis .     - Unarmed
rCold    . . .     Gourm    .   (no shield)
rNeg     . . .     Faith    .   a - +0 robe
rPois    .         Spirit   +   b - +0 hat
rElec    .         Reflect  .   p - scarf {cloud immunity}
rCorr    .         Harm     .   (no gloves)
MR       .....                  (no boots)
Stlth    ++........             (no amulet)
HPRegen  0.13/turn              s - ring of flight
MPRegen  0.12/turn              (no ring)

@: sanguine armour
A: claws 1, magic shield, sanguine armour 1
a: Evoke Flight


You were on level 4 of the Dungeon.
You were not hungry.

You visited 2 branches of the dungeon, and saw 5 of its levels.

You collected 147 gold pieces.

Inventory:

Armour
 a - a +0 robe (worn)
 b - a +0 hat (worn)
 p - a scarf of cloud immunity (worn)
Magical Staves
 r - an uncursed staff of energy
Jewellery
 s - a ring of flight (left claw)
Wands
 f - a wand of acid (5)
Scrolls
 c - 4 scrolls of remove curse {unknown}
 e - 2 scrolls of enchant armour {unknown}
 h - 2 scrolls of blinking {unknown}
 j - 4 scrolls of teleportation {unknown}
 l - 7 scrolls of identify {unknown}
 n - a scroll of amnesia {unknown}
 o - a scroll of fog {unknown}
Potions
 g - a potion of curing
 i - a potion of heal wounds
 k - a potion of ambrosia {unknown}
 m - a potion of lignification {unknown}
 q - 2 potions of degeneration {unknown}
Comestibles
 d - 12 rations
 t - 6 chunks of flesh


   Skills:
 - Level 1.7 Dodging
 - Level 1.7 Stealth
 + Level 6.1 Unarmed Combat
 - Level 3.0 Spellcasting
 - Level 2.1 Conjurations
   Level 1.0 Summonings
   Level 0.8 Translocations


You had 4 spell levels left.
You knew the following spells:

 Your Spells              Type           Power        Failure   Level  Hunger
a - Magic Dart            Conj           ##..         6%          1    None
b - Conjure Flame         Conj/Fire      #.......     30%         3    ###....
c - Mephitic Cloud        Conj/Pois/Air  #.......     34%         3    ###....

Your spell library contained the following spells:

 Spells                   Type           Power        Failure   Level  Hunger
 Blink                    Tloc           N/A          16%         2    ##.....
 Call Imp                 Summ           #.......     16%         2    ##.....
 Slow                     Hex            #.......     22%         2    ##.....


Dungeon Overview and Level Annotations

Branches:
Dungeon (4/15)             Temple (1/1) D:4

Altars:
Ashenzari
Elyvilon
Fedhas
Kikubaaqudgha
Sif Muna
Trog
Uskayaw
Vehumet
Xom
Yredelemnul
Zin

Annotations:
D:4 Menkaure


Innate Abilities, Weirdness & Mutations

You have sharp fingernails.
When hurt, damage is shared between your health and your magic reserves.
When seriously injured, your bleeding wounds create armour. (AC +6)


Message History

Menkaure hits you!!
Your blood congeals into armour.
You scratch Menkaure.
Menkaure is heavily damaged.
Menkaure calls on the powers of darkness!
Your body is wracked with pain!
* * * LOW HITPOINT WARNING * * *
You scratch Menkaure but do no damage.
Menkaure is heavily damaged.
You scratch Menkaure but do no damage.
Menkaure is heavily damaged.
Menkaure closely misses you.
Your magical contamination has completely faded away.
You claw Menkaure!
Menkaure is almost destroyed.
Menkaure mumbles some strange words.
Menkaure seems to speed up.
You scratch Menkaure but do no damage.
Menkaure is almost destroyed.
Menkaure hits you!!
You die...

. #..##### #.
##......##### #..
##...(.......# #..
##...........## #..
####............#
#...##..............##
#
..#...).............##
#
.........#..[........#
##
.......##@..##......##
#.
......##.M.#####....#
#. ............##
##...#####.
.............##
###...##..
..............#
##...#..
..###..........#
###.... #..........#
###). #.........## ##.
#..........# ##


You could see Menkaure.

Vanquished Creatures
  Eustachio (D:4)
  Purgy (D:3)
  A centaur skeleton (D:4)
  A worker ant (D:4)
  2 iguanas
  Robin (D:4)
  3 adders
  An ooze (D:3)
  An adder skeleton (D:4)
  2 dart slugs
  A leopard gecko (D:3)
  An orc (D:4)
  10 bats
  4 giant cockroaches
  17 goblins
  15 hobgoblins
  6 jackals (D:2)
  5 kobolds
  A quokka (D:3)
  A ball python (D:1)
  5 frilled lizards
  5 rats
85 creatures vanquished.

Notes
Turn   | Place    | Note
-------+----------+-------------------------------------------
     0 | D:1      | TheOrbIsALie the Demonspawn Wizard began the quest for the
                  | Orb.
     0 | D:1      | Reached XP level 1. HP: 13/13 MP: 4/4
    78 | D:1      | Found a shattered altar of Ashenzari.
   308 | D:1      | Gained mutation: You have sharp fingernails. [demonic
                  | ancestry]
   308 | D:1      | Reached XP level 2. HP: 19/19 MP: 4/6
   515 | D:1      | Reached skill level 1 in Unarmed Combat
   844 | D:2      | Reached XP level 3. HP: 19/24 MP: 2/7
   913 | D:2      | Reached skill level 2 in Unarmed Combat
   985 | D:2      | Found a faded altar of an unknown god.
  1490 | D:2      | Reached XP level 4. HP: 26/30 MP: 4/8
  1806 | D:3      | Reached skill level 3 in Unarmed Combat
  2601 | D:3      | Noticed Purgy
  2607 | D:3      | Learned a level 3 spell: Conjure Flame
  2611 | D:3      | Learned a level 3 spell: Mephitic Cloud
  2685 | D:3      | Killed Purgy
  2685 | D:3      | Reached skill level 4 in Unarmed Combat
  2685 | D:3      | Gained mutation: When seriously injured, your bleeding
                  | wounds create armour. (AC +6) [demonic ancestry]
  2685 | D:3      | Reached XP level 5. HP: 19/35 MP: 2/9
  2791 | D:3      | Found a blossoming altar of Fedhas.
  3094 | D:4      | Found a staircase to the Ecumenical Temple.
  3146 | D:4      | Noticed Eustachio
  3166 | D:4      | Killed Eustachio
  3166 | D:4      | Reached skill level 5 in Unarmed Combat
  3166 | D:4      | Gained mutation: When hurt, damage is shared between your
                  | health and your magic reserves. [demonic ancestry]
  3166 | D:4      | Reached XP level 6. HP: 41/41 MP: 3/10
  3175 | Temple   | Entered the Ecumenical Temple
  3391 | D:4      | Reached skill level 6 in Unarmed Combat
  3404 | D:4      | Noticed Robin
  3422 | D:4      | Killed Robin
  3451 | D:4      | Noticed Menkaure
  3481 | D:4      | Mangled by Menkaure

Vault maps used:
D:1:      enne_arrival_octagon_isle, minmay_misc_feat_roman,
          minmay_misc_feat_encased, skrybe_limestone_x, minmay_statues_item,
          ashenzari_altar_1
D:2:      chequers_ecumenical_altar_grove
D:3:      fedhas_altar_fruit_tree, minmay_strange_pillars, uniq_purgy
D:4:      minmay_temple_entry_fiery, first_ration, uniq_menkaure, uniq_robin,
          uniq_eustachio, uniq_duvessa
Temple:   eino_temple_lava

Skill      XL: |  1  2  3  4  5  6 |
---------------+-------------------+-----
Conjurations   | 2 |  2.1
Unarmed Combat | 1 2 4 5 6 |  6.1
Dodging        | |  1.7
Stealth        | |  1.7
Spellcasting   | |  3.0
Summonings     | |  1.0
Translocations | |  0.8

Action                   |  1- 3 |  4- 6 || total
-------------------------+-------+-------++-------
Melee: Unarmed           |    57 |    98 ||   155
       Punch             |       |     1 ||     1
 Cast: Magic Dart        |    82 |    58 ||   140
       Mephitic Cloud    |       |     3 ||     3
       Conjure Flame     |       |     3 ||     3
  Use: Potion            |       |     2 ||     2
 Stab: Sleeping          |     1 |     1 ||     2
  Eat: Chunk             |     2 |     7 ||     9
Armor: Robe              |    12 |    11 ||    23
Dodge: Dodged            |    46 |    40 ||    86

Table legend:
 A = Non-vault XP
 B = Vault XP
 C = Vault XP percentage of total XP
 D = Non-vault monster count
 E = Vault monster count
 F = Vault count percentage of total count
                 A         B        C        D         E       F
            +---------+---------+-------+---------+---------+-------
      Total |     304 |     346 |  53.2 |      70 |      15 |  17.6
            +---------+---------+-------+---------+---------+-------
        D:1 |      35 |       0 |   0.0 |      21 |       0 |   0.0
        D:2 |      65 |       0 |   0.0 |      25 |       0 |   0.0
        D:3 |      82 |     125 |  60.4 |      17 |       1 |   5.6
        D:4 |     122 |     221 |  64.4 |       7 |      14 |  66.7
            +---------+---------+-------+---------+---------+-------
